Map: Efflorescence LE

Players

OPOT

  • Race: Zerg Zerg
  • Spawn Location: 3:00

GroVe

  • Race: Protoss Protoss
  • League: Platinum
  • Spawn Location: 12:00

flyrev - Winner!

  • Race: Protoss Protoss
  • Spawn Location: 9:00

ForeverNoob - Winner!

  • Race: Zerg Zerg
  • League: Platinum
  • Spawn Location: 6:00

VOD

Have the link to the VOD?

Description

Time

  • Played on: Nov. 28, 2020, 12:52 p.m.
  • Length: 7:55
Show
View Real Time Build Order
Export as new Build Order

OPOT Zerg 

Build Orders: Hatch First 

Get SALT Encoding   

  12  0:00  Drone  
  13  0:08  Drone  
  14  0:36  Hatchery  
  13  0:49  Drone  
  14  0:51  Overlord  
  14  1:05  Spawning Pool  
  14  1:07  Drone  
  14  1:18  Drone  
  14  1:19  Drone  
  14  1:22  Drone  
  17  1:35  Drone  
  18  1:43  Drone  
  19  1:51  Extractor  
  18  1:55  Queen x2  
  18  1:59  Drone x2  
  24  2:02  Drone  
  25  2:08  Overlord  
  25  2:13  Drone  
  26  2:22  Drone  
  27  2:23  Drone  
  27  2:28  Roach Warren  
  27  2:31  Drone  
  28  2:41  Drone  
  29  2:45  Drone x2  
  29  2:48  Drone  
  32  2:56  Extractor  
  32  2:57  Drone, Overlord  
  32  3:05  Drone  
  32  3:06  Drone x3  
  36  3:17  Roach  
  36  3:18  Roach x3  
  44  3:24  Overlord  
  44  3:33  Lair  
  44  3:44  Drone  
  44  3:45  Drone x6  
  51  3:52  Extractor  
  51  3:53  Overlord x2  
  50  4:09  Roach  
  52  4:11  Roach x3  
  52  4:13  Roach  
  52  4:14  Roach  
  62  4:22  Extractor  
Show
View Real Time Build Order
Export as new Build Order

GroVe Protoss 

Build Orders: Oracle Opening 

Get SALT Encoding   

  12  0:01  Probe (Chrono Boost)  
  13  0:10  Probe (Chrono Boost)  
  14  0:18  Pylon  
  14  0:22  Probe  
  15  0:36  Probe  
  15  0:39  Gateway  
  16  0:48  Probe, Assimilator  
  17  1:00  Probe (Chrono Boost)  
  17  1:03  Assimilator  
  19  1:12  Probe (Chrono Boost)  
  19  1:29  Probe  
  20  1:36  Cybernetics Core  
  20  1:49  Nexus  
  20  1:56  Pylon  
  20  2:00  Probe  
  21  2:12  Probe (Chrono Boost)  
  21  2:14  Stargate  
  22  2:24  Probe (Chrono Boost)  
  22  2:29  Stalker  
  25  2:30  Probe (Chrono Boost)  
  25  2:32  Warp Gate  
  26  2:40  Probe  
  27  2:50  Gateway  
  27  2:52  Probe (Chrono Boost)  
  28  3:03  Probe (Chrono Boost)  
  28  3:04  Pylon  
  30  3:10  Probe (Chrono Boost)  
  30  3:11  Oracle (Chrono Boost)  
  33  3:14  Probe (Chrono Boost)  
  34  3:23  Assimilator  
  34  3:27  Probe  
  34  3:28  Probe  
  36  3:39  Probe  
  36  3:40  Probe  
  38  3:47  Assimilator  
  38  3:49  Void Ray (Chrono Boost)  
  38  3:51  Probe  
  38  3:53  Probe  
  44  4:04  Probe  
  44  4:05  Probe  
  46  4:26  Void Ray  
  46  4:27  Stalker x2  
Show
View Real Time Build Order
Export as new Build Order

flyrev Protoss - Winner!

Build Orders:  

Get SALT Encoding   

  12  0:00  Probe  
  13  0:12  Probe  
  14  0:19  Pylon  
  14  0:24  Probe  
  15  0:37  Probe (Chrono Boost)  
  16  0:46  Probe (Chrono Boost)  
  16  0:48  Gateway  
  17  0:51  Probe (Chrono Boost)  
  17  0:56  Assimilator  
  18  1:03  Probe  
  19  1:15  Probe  
  20  1:27  Probe  
  21  1:35  Cybernetics Core  
  21  1:39  Probe  
  22  1:50  Nexus  
  22  1:55  Pylon  
  22  1:58  Probe  
  23  2:11  Warp Gate  
  23  2:13  Probe, Stalker  
  26  2:25  Probe  
  27  2:37  Probe  
  27  2:42  Assimilator  
  27  2:43  Stalker  
  30  2:49  Probe  
  31  3:01  Robotics Facility  
  31  3:02  Probe  
  31  3:03  Probe  
  33  3:14  Probe, Stalker  
  33  3:15  Probe  
  37  3:26  Probe  
  38  3:27  Probe  
  39  3:38  Probe  
  39  3:39  Probe  
  39  3:40  Twilight Council  
  41  3:44  Stalker  
  41  3:48  Pylon  
  43  3:50  Probe  
  43  3:51  Probe  
  43  3:55  Observer  
  46  4:06  Probe x2  
  48  4:14  Stalker  
  48  4:15  Pylon  
  50  4:17  Pylon  
  50  4:18  Probe x2  
  50  4:20  Shield Battery  
  52  4:29  Blink (Chrono Boost)  
  52  4:30  Probe x2  
  54  4:32  Gateway  
  54  4:34  Gateway  
  54  4:36  Gateway  
  54  4:43  Immortal (Chrono Boost)  
  54  4:51  Probe x2  
  54  4:55  Assimilator  
  54  4:59  Assimilator  
  54  5:03  Probe, Nexus  
  54  5:04  Probe  
  54  5:05  Pylon  
  54  5:07  Stalker  
  54  5:13  Immortal (Chrono Boost), Forge  
  54  5:15  Probe  
  54  5:16  Probe  
  54  5:20  Robotics Bay  
  54  5:28  Probe x2  
  54  5:30  Stalker x3  
  54  5:31  Shield Battery  
  54  5:37  Pylon  
  54  5:38  Pylon  
  54  5:40  Pylon x2  
  54  5:50  Pylon  
  54  5:51  Immortal (Chrono Boost)  
  54  5:54  Protoss Ground Weapons Level 1 (Chrono Boost)  
  54  5:55  Probe x2  
  54  5:56  Stalker x4  
  54  6:07  Probe x2 (Chrono Boost)  
  54  6:08  Extended Thermal Lance  
  54  6:13  Charge  
  54  6:16  Probe (Chrono Boost)  
  54  6:19  Probe x2 (Chrono Boost)  
  54  6:21  Colossus (Chrono Boost)  
  54  6:22  Stalker  
  54  6:23  Stalker x3  
  54  6:26  Probe (Chrono Boost)  
  54  6:28  Probe x2 (Chrono Boost)  
  54  6:31  Probe (Chrono Boost)  
  54  6:33  Probe x2  
  54  6:40  Assimilator  
  54  6:42  Probe  
  54  6:43  Assimilator  
  54  6:45  Probe x2  
  54  6:47  Gateway  
  54  6:48  Gateway  
  54  6:52  Gateway  
  54  6:54  Templar Archives  
  54  6:57  Gateway  
  54  6:58  Gateway  
  54  6:59  Pylon  
  54  7:00  Pylon  
  54  7:02  Pylon, Gateway  
  54  7:04  Stalker x4  
  54  7:05  Pylon  
  54  7:14  Gateway  
  54  7:17  Gateway  
  54  7:23  Photon Cannon  
  54  7:27  Photon Cannon  
  54  7:28  Photon Cannon  
  54  7:30  Photon Cannon  
  54  7:31  Zealot x4  
  54  7:34  Nexus  
  54  7:37  Pylon  
  54  7:40  Pylon  
  54  7:44  High Templar  
  54  7:45  High Templar  
  54  7:52  High Templar x4  
  54  7:53  Zealot x3  
Show
View Real Time Build Order
Export as new Build Order

ForeverNoob Zerg - Winner!

Build Orders: Hatch First 

Get SALT Encoding   

  12  0:01  Drone  
  13  0:13  Overlord  
  13  0:19  Drone  
  14  0:38  Drone  
  14  0:39  Drone x2  
  17  0:50  Overlord  
  17  1:06  Hatchery  
  17  1:10  Drone  
  17  1:11  Drone  
  18  1:26  Overlord  
  18  1:35  Overlord  
  18  1:44  Drone  
  19  1:49  Spawning Pool  
  18  1:54  Drone  
  19  2:04  Drone  
  20  2:16  Overlord  
  20  2:19  Drone  
  21  2:31  Drone x2  
  23  2:37  Queen x2  
  27  2:46  Extractor  
  26  2:53  Extractor  
  25  3:00  Drone x3  
  25  3:01  Drone x2  
  30  3:11  Drone  
  31  3:15  Hatchery  
  30  3:27  Drone x3  
  30  3:28  Drone  
  34  3:38  Drone x2  
  36  3:46  Drone x2  
  38  3:54  Metabolic Boost  
  38  4:00  Lair  
  38  4:03  Zergling x2  
  38  4:04  Zergling x2  
  40  4:15  Extractor  
  40  4:16  Extractor  
  38  4:21  Drone x5  
  43  4:59  Hatchery  
Tags
 
Add a new tag
Caveats
  • Supply blocks, unpowered buildings, or Contaminate may cause inaccurate times.
  • Supply counts are checked every 10 seconds.